 Dungeon Crawl Stone Soup version 0.26-a0-540-g8a0c9464d7 (webtiles) character file.

Game seed: 12159219841360496830

806 HoaS the Grappler (level 7, -13/40 HPs)
             Began as a Gargoyle Gladiator on Aug 24, 2020.
             Mangled by Menkaure (16 damage)
             ... on level 5 of the Dungeon.
             The game lasted 00:07:27 (3615 turns).

HoaS the Grappler (Gargoyle Gladiator)              Turns: 3615, Time: 00:07:28

Health: -13/40     AC: 11    Str: 20    XL:     7   Next: 91%
Magic:  7/7        EV: 10    Int:  8    God:
Gold:   235        SH:  0    Dex: 11    Spells: 6/6 levels left

rFire    . . .     SeeInvis .     - Unarmed
rCold    . . .     Faith    .   (no shield)
rNeg     + + .     Spirit   .   p - +0 scale mail
rPois    ∞         Reflect  .   b - +0 helmet
rElec    +         Harm     .   (no cloak)
rCorr    .                      (no gloves)
MR       .....                  (no boots)
Stlth    ..........             (no amulet)
HPRegen  0.13/turn              f - ring of positive energy
MPRegen  0.10/turn              (no ring)

@: no status effects
A: negative energy resistance 1, electricity resistance, unbreathing,
petrification resistance, rot immunity, AC +4
a: no special abilities


You were on level 5 of the Dungeon.
You visited 1 branch of the dungeon, and saw 5 of its levels.
You also visited: Sewer.

You collected 235 gold pieces.

Inventory:

Missiles
 c - a throwing net (quivered)
 q - 14 poisoned darts
Armour
 b - a +0 helmet (worn)
 p - a +0 scale mail (worn)
Jewellery
 f - a ring of positive energy (left hand)
Wands
 h - a wand of random effects (12)
Scrolls
 i - a scroll of identify
 j - a scroll of fear
 m - 2 scrolls of teleportation
Potions
 a - a potion of degeneration {unknown}
 d - a potion of brilliance {unknown}
 e - 3 potions of flight
 g - 2 potions of haste
 k - 2 potions of might {unknown}
 l - 3 potions of curing
 n - a potion of invisibility {unknown}
 o - a potion of mutation {unknown}
 r - a potion of resistance {unknown}


   Skills:
 - Level 2.1 Fighting
 - Level 1.7 Throwing
 - Level 2.4 Dodging
 * Level 9.1 Unarmed Combat


You had 6 spell levels left.
You didn't know any spells.
Your spell library was empty.

Dungeon Overview and Level Annotations

Branches:
Dungeon (5/15)              Sewer (visited)
 Temple: D:4-7

Altars:
Sif Muna
The Shining One

Annotations:
D:5 Menkaure


Innate Abilities, Weirdness & Mutations

You are resistant to torment.
Your stone body is resilient. (AC +4)
You are immune to poison.
You resist negative energy. (rN+)
You are resistant to electric shocks. (rElec)
You can survive without breathing.
You are immune to petrification.
You are immune to rotting.


Message History

Menkaure's ankle releases a plume of dust as he confides, "I'm not really a mummy, you know."
The phantom hits you.
The phantom blinks!
You punch Menkaure!
Menkaure is heavily damaged.
Menkaure hits you but does no damage.
You hit Menkaure. Your punch misses Menkaure.
Menkaure is severely damaged.
Menkaure hits you but does no damage.
You barely miss Menkaure.
Menkaure is severely damaged.
Menkaure hits you!!
You hit Menkaure but do no damage.
Menkaure is severely damaged.
Menkaure's bandages flutter.
Menkaure hits you!
* * * LOW HITPOINT WARNING * * *
You barely miss Menkaure. Your punch misses Menkaure.
Menkaure is severely damaged.
Menkaure hits you!
You die...

###........ #.
#.####### #.
#.#.. ..
###.#.#####
###
##...#.....#
#......#
#......##
#..###..######
#.. #@.......
#). #.M#####.
#.. ..## ###
..W# #....
#.... #....
#.####


You could see a phantom and Menkaure (fast).

Vanquished Creatures
  A phantom (D:4)
  3 ogres
  A howler monkey (D:4)
  3 worker ants
  An iguana (D:3)
  An orc wizard (D:4)
  Natasha (D:2)
  A killer bee zombie (D:5)
  Robin (D:2)
  A gnoll (D:1)
  10 adders
  A shadow imp (D:4)
  An ufetubus (D:5)
  An ooze (D:4)
  An adder skeleton (D:4)
  2 worms
  3 dart slugs
  4 leopard geckos
  6 orcs
  4 bats
  3 giant cockroaches
  18 goblins
  9 hobgoblins
  4 jackals
  3 quokkas
  3 ball pythons
  11 frilled lizards
  4 kobolds
  2 leopard gecko skeletons
  10 rats
114 creatures vanquished.

Notes
Turn   | Place    | Note
-------+----------+-------------------------------------------
     0 | D:1      | HoaS the Gargoyle Gladiator began the quest for the Orb.
     0 | D:1      | Reached XP level 1. HP: 12/12 MP: 1/1
    65 | D:1      | Reached XP level 2. HP: 16/17 MP: 2/2
   157 | D:1      | Reached skill level 4 in Unarmed Combat
   157 | D:1      | Reached XP level 3. HP: 3/21 MP: 3/3
   726 | D:2      | Reached XP level 4. HP: 13/26 MP: 4/4
   907 | D:2      | Noticed Natasha
   920 | D:2      | Killed Natasha
   920 | D:2      | Reached skill level 5 in Unarmed Combat
  1184 | D:2      | Noticed an ogre
  1213 | D:2      | Killed an ogre
  1213 | D:2      | Reached skill level 6 in Unarmed Combat
  1213 | D:2      | Reached XP level 5. HP: 30/30 MP: 5/5
  1457 | D:2      | Noticed Robin
  1479 | D:2      | Killed Robin
  1567 | D:3      | Reached XP level 6. HP: 31/35 MP: 6/6
  1798 | D:3      | Found a glowing drain.
  1819 | Sewer    | Entered a sewer
  2013 | Sewer    | Reached skill level 7 in Unarmed Combat
  2523 | D:4      | Reached XP level 7. HP: 20/40 MP: 7/7
  2749 | D:4      | Reached skill level 8 in Unarmed Combat
  2959 | D:4      | Found a glowing golden altar of the Shining One.
  3153 | D:4      | Reached skill level 9 in Unarmed Combat
  3432 | D:5      | Entered Level 5 of the Dungeon
  3587 | D:5      | Found a shimmering blue altar of Sif Muna.
  3608 | D:5      | Noticed Menkaure
  3615 | D:5      | Mangled by Menkaure

Illustrated notes

Levels and vault maps discovered:
D:1:      minmay_arrival_radiant_lines, layout_rooms, minmay_hedge_maze
D:2:      layout_loops_ring, grunt_decor_mini_mirrors, uniq_natasha, uniq_robin
D:3:      layout_basic, portal_sewer_entry_a
D:4:      minmay_wonky_spiral, layout_loops_ring, tso_metal_star
D:5:      layout_basic, old_standard_altar, kennysheep_mini_moat, uniq_menkaure

Skill      XL: |  1  2  3  4  5  6  7 |
---------------+----------------------+-----
Unarmed Combat | 4 6 7 9 |  9.1
Fighting       | |  2.1
Throwing       | |  1.7
Dodging        | |  2.4

Action                   |  1- 3 |  4- 6 |  7- 9 || total
-------------------------+-------+-------+-------++-------
Melee: Unarmed           |    90 |   252 |    71 ||   413
       Punch             |     1 |     6 |     2 ||     9
Throw: Throwing net      |       |     1 |     1 ||     2
  Use: Scroll            |     4 |     4 |     4 ||    12
       Potion            |       |     1 |       ||     1
 Stab: Held in net/web   |       |       |     1 ||     1
Armor: Leather armour    |    17 |    12 |       ||    29
       Ring mail         |       |    96 |     4 ||   100
       Scale mail        |       |       |    25 ||    25
Dodge: Dodged            |    48 |   123 |    18 ||   189

Table legend: (Time is in decaauts)
 A = Elapsed time spent in this place.
 B = Non-inter-level travel time spent in this place.
 C = Inter-level travel time spent in this place.
 D = Time resting spent in this place.
 E = Time spent auto-exploring this place.
 F = Levels seen in this place.
 G = Mean time per level.
                   A        B        C        D        E       F      G
               +--------+--------+--------+--------+--------+-----+--------+
         Total |   3615 |   3479 |    136 |    827 |   1835 |   6 |  602.5 |
       Dungeon |   3158 |   3022 |    136 |    732 |   1608 |   5 |  631.6 |
         Sewer |    456 |    456 |      0 |     95 |    226 |   1 |  456.0 |
               +--------+--------+--------+--------+--------+-----+--------+

Top non-repeatable levels by time:
     D:2: 972 daAuts
     D:4: 881 daAuts
     D:1: 569 daAuts
     D:3: 556 daAuts
   Sewer: 456 daAuts
     D:5: 179 daAuts
